 Dungeon Crawl Stone Soup version 0.26-a0-6-g448add79b7 (webtiles) character file.

Game seed: 3711798083061688355, levelgen mode: deterministic

60646 Napalmbreeze the Warrior (level 15, -3/104 HPs)
             Began as a Gargoyle Monk on May 24, 2020.
             Was a High Priest of Makhleb.
             Blown up by a cacodemon (39 damage)
             ... with a bolt of energy
             ... summoned by the player character
             ... in a Gauntlet.
             The game lasted 00:50:20 (22794 turns).

Napalmbreeze the Warrior (Gargoyle Monk)           Turns: 22794, Time: 00:50:21

Health: -3/104     AC: 31    Str: 20    XL:     15   Next: 0%
Magic:  24/24      EV: 24    Int: 10    God:    Makhleb [*****.]
Gold:   1445       SH:  5    Dex: 16    Spells: 14/14 levels left

rFire    + . .     SeeInvis .   R - +2 whip (elec)
rCold    . . .     Gourm    .   p - +0 buckler "Ugemeedgh" {rCorr Int-2 Dex+4}
rNeg     + . .     Faith    .   u - +0 chain mail
rPois    ∞         Spirit   .   M - +2 hat
rElec    +         Reflect  .   l - +2 cloak
rCorr    +         Harm     .   (no gloves)
MR       ++...     NoTele   +   C - +1 pair of boots
Stlth    ..........             e - amulet of the acrobat
HPRegen  0.27/turn              b - ring of protection from magic
MPRegen  0.19/turn              U - ring of protection from fire

@: acrobat, flying
A: big wings, negative energy resistance 1, electricity resistance, unbreathing,
petrification resistance, rot immunity, AC +11
a: Stop Flying, Minor Destruction, Lesser Servant of Makhleb, Major Destruction,
Greater Servant of Makhleb, Renounce Religion


You were in a Gauntlet.
You worshipped Makhleb.
Makhleb was extremely pleased with you.
You were not hungry.

You visited 2 branches of the dungeon, and saw 19 of its levels.
You also visited: Gauntlet.

You collected 1445 gold pieces.

Inventory:

Hand Weapons
 r - a +2 vorpal flail
 R - a +2 whip of electrocution (weapon)
 T - a +4 morningstar
Missiles
 w - 113 poisoned darts (quivered)
Armour
 d - a +0 buckler
 i - a scarf of invisibility
 l - a +2 cloak (worn)
 p - the +0 buckler "Ugemeedgh" (worn) {rCorr Int-2 Dex+4}
   (You found it in a Gauntlet)

   It affects your intelligence (-2).
   It affects your dexterity (+4).
   It provides partial protection from all sources of acid and corrosion.
 u - a +0 chain mail (worn)
 C - a +1 pair of boots (worn)
 M - a +2 hat (worn)
Jewellery
 b - a ring of protection from magic (left hand)
 e - an amulet of the acrobat (around neck)
 A - the amulet of the Air {Inacc +Fly rElec EV+5 RMsl}
   (You found it in a Gauntlet)

   [amulet of inaccuracy]

   It reduces the accuracy of all your attacks.
   It affects your evasion (+5).
   It insulates you from electricity.
   It lets you fly.
   It protects you from missiles.
 H - an uncursed ring of resist corrosion
 U - a ring of protection from fire (right hand)
Wands
 n - a wand of clouds (7)
 B - a wand of iceblast (27)
 G - a wand of acid (13)
 O - a wand of digging (7)
Scrolls
 a - a scroll of holy word {unknown}
 g - a scroll of vulnerability {unknown}
 h - 5 scrolls of teleportation
 k - 8 scrolls of remove curse
 s - 4 scrolls of fear
 v - 6 scrolls of immolation
 x - a scroll of fog {unknown}
 y - 3 scrolls of magic mapping
 L - a scroll of noise {unknown}
 N - a scroll of blinking {unknown}
 P - a scroll of enchant armour
 Y - a scroll of summoning {unknown}
Potions
 j - 7 potions of heal wounds
 m - 3 potions of lignification
 o - a potion of might
 q - 3 potions of invisibility
 t - 2 potions of mutation
 z - 3 potions of curing
 I - a potion of resistance {unknown}
 K - a potion of stabbing {unknown}
 Q - 2 potions of brilliance
 W - a potion of ambrosia {unknown}
Comestibles
 c - 33 rations


   Skills:
 + Level 16.0 Fighting
 - Level 14.0 Maces & Flails
 - Level 12.0 Armour
 - Level 2.4 Dodging
 - Level 2.1 Stealth
 - Level 4.0 Shields
 - Level 12.0 Invocations


You had 14 spell levels left.
You didn't know any spells.
Your spell library contained the following spells:

 Spells                   Type           Power        Failure   Level  Hunger
 Animate Skeleton         Necr           N/A          94%         1    ##.....
 Apportation              Tloc           #.....       94%         1    ##.....
 Beastly Appendage        Tmut           #.....       94%         1    ##.....
 Corona                   Hex            #......      94%         1    ##.....
 Sting                    Tmut/Pois      #...         94%         1    ##.....
 Summon Butterflies       Summ           #.......     94%         1    ##.....
 Summon Small Mammal      Summ           #...         94%         1    ##.....
 Ensorcelled Hibernation  Hex/Ice        #.....       98%         2    ###....
 Poisonous Vapours        Pois/Air       #.....       98%         2    ###....
 Shroud of Golubria       Chrm/Tloc      #.....       98%         2    ###....
 Sticks to Snakes         Tmut           #.......     98%         2    ###....
 Confusing Touch          Hex            #.......     100%        3    ####...
 Dazzling Flash           Conj/Hex       #.....       100%        3    ####...
 Gell's Gravitas          Tloc           #.........   100%        3    ####...
 Ignite Poison            Fire/Tmut/Pois #.......     100%        3    ####...
 Lesser Beckoning         Tloc           #.........   100%        3    ####...
 Mephitic Cloud           Conj/Pois/Air  #.......     100%        3    ####...
 Ozocubu's Armour         Chrm/Ice       #.......     100%        3    ####...
 Spider Form              Tmut/Pois      #.........   100%        3    ####...
 Tukima's Dance           Hex            #.......     100%        3    ####...
 Ice Form                 Ice/Tmut       #.......     100%        4    #####..
 Leda's Liquefaction      Hex/Erth       #.........   100%        4    #####..
 Olgreb's Toxic Radiance  Pois           #.......     100%        4    #####..
 Petrify                  Tmut/Erth      #.......     100%        4    #####..
 Alistair's Intoxication  Tmut/Pois      #.......     100%        5    ######.
 Blade Hands              Tmut           #.........   100%        5    ######.
 Bolt of Magma            Conj/Fire/Erth #.........   100%        5    ######.
 Metabolic Englaciation   Hex/Ice        #.........   100%        5    ######.
 Yara's Violent Unravell  Hex/Tmut       #.........   100%        5    ######.
 Invisibility             Hex            #.......     100%        6    #######
 Iron Shot                Conj/Erth      #.........   100%        6    #######
 Dragon Form              Tmut           #.........   100%        7    #######
 Shatter                  Erth           #.........   100%        9    #######
 Statue Form              Tmut/Erth      Unusable     N/A         6    N/A

Dungeon Overview and Level Annotations

Branches:
Dungeon (13/15)            Temple (0/1) D:4            Lair (6/6) D:11
  Swamp (0/4) Lair:2       Spider (0/4) Lair:4        Slime (0/5) Lair:5
    Orc (0/2) D:12        Gauntlet (1/1)
 Vaults: D:13-14

Altars:
Cheibriados
Dithmenos
Fedhas
Gozag
Makhleb
Nemelex Xobeh
Qazlal
Ru
Trog
Uskayaw
Wu Jian
Yredelemnul
Zin

Annotations:
Lair:5 exclusion: oklob plant Gauntlet 10 transporters, 11 runed translucent doors


Innate Abilities, Weirdness & Mutations

You are resistant to torment.
Your stone body is resilient. (AC +11)
You are immune to poison.
Your large and strong wings let you fly indefinitely.
You resist negative energy. (rN+)
You are resistant to electric shocks. (rElec)
You can survive without breathing.
You are immune to petrification.
You are immune to rotting.


Message History

You feel much better. The cacodemon misses you.
The cacodemon barely misses you.
Unknown command.
Unknown command.
As you read the scroll of fear, it crumbles to dust.
You assume a fearsome visage.
The cacodemon is unaffected.
Something hits you. Something gores you.
The cacodemon hits you but does no damage. x2
Unknown command.
Unknown command.
Unknown command.
Unknown command.
Unknown command.
Okay, then.
Unknown command.
Unknown command.
A javelin appears from out of thin air!
The javelin closely misses you. The cacodemon gestures at you.
The bolt of energy hits you!!!
You die...

##..⌠.# H⌠...# ...⌠+ ∩.. #.#
#######'####### #.............#
#.###{###.###.# #......@......#
###.###2###.### #.###.###.#####
.............§§# ##
.8.8.8.8.8.8.8§8# ### 8#
...............≈# #8#
##########.#########.##########
#≈.......#.#..§§≈..#.#.......≈#
##........#©#.......#©#........##


You could see a cacodemon (summoned).

Vanquished Creatures
  Jorgrun (D:12)
  A death ooze (Gauntlet)
  4 hydras
  4 catoblepae (Lair:6)
  2 ogre magi (D:10)
  2 centaur warriors (D:13)
  A two-headed ogre (D:10)
  A death scarab (Gauntlet)
  10 death yaks
  Sonja (Lair:1)
  A spectral death yak (Gauntlet)
  Pikel (D:7)
  A necromancer (Gauntlet)
  A wolf spider (Lair:4)
  An oklob plant (Lair:5)
  2 ugly things
  4 manticores
  A deep elf mage (D:12)
  A cyclops (D:13)
  An elephant (Lair:2)
  Maurice (D:11)
  2 black mambas
  Psyche (D:9)
  9 spiny frogs
  9 komodo dragons
  3 rime drakes
  2 jumping spiders (Lair:4)
  A troll (D:8)
  A polar bear (Lair:5)
  A queen bee (Lair:3)
  Prince Ribbit (D:9)
  A blink frog (Lair:5)
  A slime creature (Gauntlet)
  10 hippogriffs
  2 wraiths (D:10)
  A redback (Lair:4)
  A wyvern (D:13)
  Eustachio (D:4)
  4 hogs (D:12)
  52 yaks
  A hungry ghost (D:8)
  2 basilisks
  Grum (D:8)
  5 vampire mosquitoes (Lair:2)
  17 water moccasins
  2 wargs (D:12)
  Duvessa (D:6)
  3 orc warriors
  5 porcupines
  2 ice beasts
  A sky beast (D:5)
  A black bear (D:8)
  6 ogres
  13 wolves
  A phantom (D:7)
  10 centaurs
  7 crocodiles
  5 big kobolds
  A gnoll sergeant (D:6)
  12 bullfrogs
  Dowan (D:6)
  4 scorpions
  A water moccasin zombie (D:6)
  A wyvern skeleton (D:13)
  19 killer bees
  19 wights
  3 howler monkeys (D:12)
  4 crimson imps
  A centaur zombie (D:8)
  5 hounds
  5 jellies
  2 centaur skeletons
  A gnoll shaman (D:4)
  9 orc priests
  7 orc wizards
  3 bullfrog skeletons
  Jessica (D:2)
  4 iguanas
  Ijyb (D:2)
  8 worker ants
  A worker ant zombie (D:9)
  16 gnolls
  8 adders
  2 shadow imps
  3 white imps (Lair:4)
  2 adder skeletons
  An adder zombie (D:5)
  3 worms
  5 dart slugs
  4 leopard geckos
  40 orcs
  3 ball pythons
  3 giant cockroaches
  9 goblins
  8 hobgoblins
  7 jackals
  2 quokkas
  4 bats
  8 frilled lizards
  A jackal skeleton (D:5)
  24 kobolds
  7 rats
  A fungus (Lair:4)
502 creatures vanquished.

Vanquished Creatures (collateral kills)
  Rupert (Lair:3)
  Kirke (D:12)
  Snorg (D:12)
  An ice dragon (Lair:4)
  A hydra (Lair:3)
  2 elephants (Lair:2)
  A troll (D:10)
  A vampire mosquito (D:10)
  3 centaurs (D:12)
  A wight (D:12)
  An adder (D:12)
  2 kobolds (D:12)
16 creatures vanquished.

Vanquished Creatures (others)
  A wight (D:12)
  16 fungi
  7 plants
  13 withered plants (Gauntlet)
37 creatures vanquished.

Grand Total: 555 creatures vanquished

Notes
Turn   | Place    | Note
-------+----------+-------------------------------------------
     0 | D:1      | Napalmbreeze the Gargoyle Monk began the quest for the Orb.
     0 | D:1      | Reached XP level 1. HP: 14/14 MP: 1/1
    60 | D:1      | Reached XP level 2. HP: 20/20 MP: 2/2
    68 | D:1      | Reached skill level 4 in Fighting
   270 | D:1      | Reached XP level 3. HP: 14/24 MP: 3/3
   837 | D:2      | Reached skill level 5 in Fighting
  1101 | D:2      | Reached skill level 1 in Shields
  1101 | D:2      | Reached XP level 4. HP: 22/31 MP: 4/4
  1361 | D:2      | Found a snail-covered altar of Cheibriados.
  1376 | D:2      | Found a shadowy altar of Dithmenos.
  1380 | D:2      | Found a burning altar of Makhleb.
  1401 | D:2      | Became a worshipper of Makhleb the Destroyer
  1401 | D:2      | Reached * piety under Makhleb
  1401 | D:2      | Reached ** piety under Makhleb
  1539 | D:2      | Found a glowing silver altar of Zin.
  1687 | D:3      | Noticed Jessica
  1693 | D:3      | Noticed Ijyb
  1699 | D:2      | Killed Jessica
  1738 | D:2      | Killed Ijyb
  1738 | D:2      | Reached XP level 5. HP: 17/35 MP: 5/5
  2936 | D:4      | Found a sparkling altar of Nemelex Xobeh.
  3052 | D:4      | Found a staircase to the Ecumenical Temple.
  3078 | D:4      | Reached XP level 6. HP: 41/41 MP: 6/6
  3222 | D:4      | Reached skill level 6 in Fighting
  3668 | D:4      | Found a blossoming altar of Fedhas.
  3805 | D:4      | Noticed Eustachio
  3851 | D:4      | Killed Eustachio
  3851 | D:4      | Reached skill level 7 in Fighting
  3851 | D:4      | Reached XP level 7. HP: 33/48 MP: 7/7
  4113 | D:5      | Entered Level 5 of the Dungeon
  4820 | D:5      | Reached *** piety under Makhleb
  4980 | D:5      | Reached skill level 8 in Fighting
  5119 | D:5      | Found an opulent altar of Gozag.
  5319 | D:5      | Reached XP level 8. HP: 32/54 MP: 8/8
  5545 | D:6      | Noticed Duvessa
  5545 | D:6      | Noticed Dowan
  5616 | D:6      | Reached skill level 5 in Maces & Flails
  5628 | D:6      | Killed Duvessa
  5634 | D:6      | Killed Dowan
  5693 | D:6      | Found a sacrificial altar of Ru.
  5722 | D:6      | Found a basalt altar of Yredelemnul.
  6516 | D:6      | Reached skill level 9 in Fighting
  6516 | D:6      | Reached skill level 1 in Armour
  7066 | D:7      | Found a hide-covered altar of Uskayaw.
  7066 | D:7      | Found a blossoming altar of Fedhas.
  7067 | D:7      | Found a bloodstained altar of Trog.
  7081 | D:7      | Found a stormy altar of Qazlal.
  7095 | D:7      | Reached skill level 5 in Armour
  7095 | D:7      | Reached XP level 9. HP: 53/60 MP: 9/9
  7197 | D:7      | Reached **** piety under Makhleb
  7244 | D:7      | Found a burning altar of Makhleb.
  7338 | D:7      | Found an ornate altar of the Wu Jian Council.
  7522 | D:7      | Reached skill level 10 in Fighting
  7720 | D:7      | Noticed Pikel
  7737 | D:7      | Killed Pikel
  7737 | D:7      | Reached skill level 11 in Fighting
  7899 | D:8      | Reached XP level 10. HP: 64/69 MP: 10/10
  8062 | D:8      | Noticed Grum
  8084 | D:8      | Killed Grum
  8232 | D:8      | Reached skill level 1 in Invocations
  8275 | D:8      | Found the +4 dagger "Morg" {pain, MR+ Int+5}
  8446 | D:9      | Noticed Psyche
  8532 | D:9      | Noticed Prince Ribbit
  8581 | D:9      | Killed Prince Ribbit
  8806 | D:9      | Reached ***** piety under Makhleb
  8879 | D:9      | Killed Psyche
  9226 | D:9      | Reached skill level 12 in Fighting
  9226 | D:9      | Reached skill level 5 in Invocations
  9244 | D:9      | Reached XP level 11. HP: 46/76 MP: 13/15
  9515 | D:10     | Entered Level 10 of the Dungeon
  9674 | D:10     | Noticed a two-headed ogre
  9688 | D:10     | Killed a two-headed ogre
  9821 | D:10     | Noticed a manticore
  9840 | D:10     | Killed a manticore
 10149 | D:10     | Noticed a seven-headed hydra
 10151 | D:10     | Noticed an ogre mage
 10160 | D:10     | Killed a seven-headed hydra
 10162 | D:10     | Noticed an ogre mage
 10182 | D:10     | Killed an ogre mage
 10398 | D:10     | Killed an ogre mage
 10601 | D:10     | Reached skill level 13 in Fighting
 10940 | D:11     | Found a staircase to the Lair.
 11114 | D:11     | Noticed Maurice
 11132 | D:11     | Killed Maurice
 11569 | Lair:1   | Entered Level 1 of the Lair of Beasts
 11635 | Lair:1   | Reached XP level 12. HP: 84/84 MP: 18/18
 11789 | Lair:1   | Noticed Sonja
 11796 | Lair:1   | Killed Sonja
 11796 | Lair:1   | Reached skill level 10 in Maces & Flails
 12108 | Lair:1   | Reached skill level 14 in Fighting
 12649 | Lair:2   | Found a staircase to the Swamp.
 12748 | Lair:2   | Noticed a six-headed hydra
 12784 | Lair:2   | Killed a six-headed hydra
 13563 | Lair:3   | Identified the Tome of Unstable Aid
 13569 | Lair:3   | Noticed Rupert
 13595 | Lair:3   | Noticed a six-headed hydra
 13982 | Lair:3   | Killed Rupert
 14161 | Lair:3   | Killed a six-headed hydra
 14292 | Lair:2   | Reached XP level 13. HP: 44/91 MP: 19/19
 15733 | Lair:4   | Reached skill level 10 in Invocations
 15816 | Lair:3   | Reached skill level 15 in Fighting
 16385 | Lair:4   | Noticed an ice dragon
 16526 | Lair:4   | Killed an ice dragon
 16810 | Lair:4   | Found a hole to the Spider Nest.
 17202 | Lair:5   | Found a staircase to the Slime Pits.
 18187 | Lair:6   | Entered Level 6 of the Lair of Beasts
 18490 | Lair:6   | Reached skill level 16 in Fighting
 18655 | Lair:6   | Gained mutation: Your large and strong wings let you fly
                  | indefinitely. [Gargoyle growth]
 18655 | Lair:6   | Reached XP level 14. HP: 100/100 MP: 23/23
 19602 | Lair:6   | Reached ****** piety under Makhleb
 19622 | Lair:6   | Reached skill level 10 in Armour
 20054 | D:12     | Noticed Snorg
 20063 | D:12     | Killed Snorg
 20395 | D:12     | Found a staircase to the Orcish Mines.
 20492 | D:12     | Noticed Kirke
 20496 | D:12     | Noticed a sphinx
 20497 | D:12     | Noticed Jorgrun
 20500 | D:12     | Noticed a balrug
 20867 | D:12     | Killed Jorgrun
 21330 | D:12     | Noticed a cacodemon
 21603 | D:12     | Killed Kirke
 22116 | D:13     | Found a gate leading to a gauntlet.
 22125 | Gauntlet | Entered a Gauntlet
 22125 | Gauntlet | Found a transporter.
 22125 | Gauntlet | Found a transporter.
 22129 | Gauntlet | Found a transporter.
 22129 | Gauntlet | Found a transporter.
 22139 | Gauntlet | Found a transporter.
 22145 | Gauntlet | Found a large runed translucent door.
 22146 | Gauntlet | Found a large runed translucent door.
 22147 | Gauntlet | Found a large runed translucent door.
 22147 | Gauntlet | Found a large runed translucent door.
 22148 | Gauntlet | Found a runed translucent gate.
 22149 | Gauntlet | Found a transporter.
 22149 | Gauntlet | Found a runed translucent gate.
 22149 | Gauntlet | Found a transporter.
 22150 | Gauntlet | Found a runed translucent gate.
 22151 | Gauntlet | Found a large runed translucent door.
 22151 | Gauntlet | Found a large runed translucent door.
 22152 | Gauntlet | Found the amulet of the Air {Inacc +Fly rElec EV+5 RMsl}
 22152 | Gauntlet | Found a large runed translucent door.
 22153 | Gauntlet | Found a large runed translucent door.
 22167 | Gauntlet | Found a transporter.
 22176 | Gauntlet | Found a transporter.
 22186 | Gauntlet | Found a large runed translucent door.
 22186 | Gauntlet | Found a large runed translucent door.
 22186 | Gauntlet | Found a runed translucent door.
 22186 | Gauntlet | Found a runed translucent door.
 22187 | Gauntlet | Found a large runed translucent door.
 22188 | Gauntlet | Found a large runed translucent door.
 22190 | Gauntlet | Found a transporter.
 22208 | Gauntlet | Found a transporter.
 22226 | Gauntlet | Found a transporter.
 22259 | Gauntlet | Found a transporter.
 22273 | Gauntlet | Found a transporter.
 22375 | Gauntlet | Found a transporter.
 22395 | Gauntlet | Found a transporter.
 22405 | Gauntlet | Found a large runed translucent door.
 22405 | Gauntlet | Found a large runed translucent door.
 22406 | Gauntlet | Found a large runed translucent door.
 22407 | Gauntlet | Found a large runed translucent door.
 22613 | Gauntlet | Got a smoking buckler
 22624 | Gauntlet | Identified the +0 buckler "Ugemeedgh" {rCorr Int-2 Dex+4}
                  | (You found it in a Gauntlet)
 22676 | Gauntlet | Reached XP level 15. HP: 104/104 MP: 24/24
 22708 | Gauntlet | Identified the +4 scimitar of a bazaar {vorpal, rN+ Stlth+}
 22708 | Gauntlet | Identified the +9 plate armour of Kenk {rPois}
 22791 | Gauntlet | Noticed a cacodemon
 22794 | Gauntlet | Blown up by a cacodemon

Illustrated notes

Levels and vault maps discovered:
D:1:      tarquinn_simple_flora_water_c, layout_rooms
D:2:      layout_loops_ring, minmay_overflow_temple_star_quad,
          lemuel_doored_altar, minmay_statues_item, minmay_domino_4
D:3:      layout_loops_cross, uniq_ijyb, uniq_jessica
D:4:      layout_cave_pods, nemelex_xobeh_ov_fountains_minmay,
          minmay_temple_entry_mist, first_ration,
          chequers_serial_rivers_micro_a, fedhas_altar_2, uniq_eustachio
D:5:      layout_basic, nicolae_overflow_crystal_walls,
          hangedman_decor_diamond_cutter
D:6:      layout_cave_pods, yredelemnul_altar_generic,
          nicolae_overflow_hidden_temple, minmay_strange_pillars, uniq_duvessa
D:7:      layout_rooms, overflow_temple_1_default,
          nicolae_overflow_quartered_altars, kennysheep_diamond, minivault_19,
          grunt_ogre_cave, makhleb_heckhound_becter, uniq_pikel
D:8:      layout_basic, uniq_grum
D:9:      layout_basic, grunt_decor_one_mirror, uniq_prince_ribbit1, uniq_psyche
D:10:     minmay_the_grid_3x2 [minmay_the_grid_pillar_ring,
          minmay_the_grid_minigrid_small_alt, minmay_the_grid_x,
          minmay_the_grid_minigrid_small, minmay_the_grid_doors,
          minmay_the_grid_prize_four_corners_diamond_b], layout_rooms
D:11:     layout_loops_ring, lair_entry_dummy, uniq_maurice
D:12:     layout_irregular_city, david_orc_1_choice, uniq_jorgrun, uniq_kirke,
          uniq_snorg
D:13:     layout_rooms, gauntlet_entry_generic
Lair:1:   layout_cave_pods, uniq_sonja
Lair:2:   layout_regular_city, minmay_swamp_entry_swarm, fungi_pond_lemuel
Lair:3:   layout_small_grid, special_room [special_room_bee], uniq_rupert
Lair:4:   layout_cave_pods, spider_nest_entry_funnel_web,
          bobbens_ice_dragon_lair
Lair:5:   layout_hall_layers, nicolae_slime_entry_slimehenge, st_stairs_5,
          minmay_lair_oklob_chamber
Lair:6:   evilmike_catoblepas_cave, layout_misc_corridors,
          nicolae_lair_yak_garden
Gauntlet: gammafunk_gauntlet_branching [nicolae_gauntlet_arena_blocks,
          gammafunk_gauntlet_arena_corners, nicolae_gauntlet_arena_grate_2,
          gammafunk_gauntlet_arena_spirals,
          gammafunk_gauntlet_arena_arrow_garden,
          gammafunk_gauntlet_arena_split_diamond,
          minmay_gauntlet_arena_make_your_own_arena,
          gammafunk_gauntlet_arena_split_x, gauntlet_exit_hidden_loot]

Skill      XL: |  1  2  3  4  5  6  7  8  9 10 11 12 13 14 |
---------------+-------------------------------------------+-----
Fighting       | 4 5 7 8 9 11 12 13 14 16 | 16.0
Shields        | 1 2 3 4 |  4.0
Maces & Flails | 4 6 8 9 12 14 | 14.0
Armour         | 5 7 8 12 | 12.0
Invocations    | 5 8 9 12 | 12.0
Dodging        | |  2.4
Stealth        | |  2.1

Action                   |  1- 3 |  4- 6 |  7- 9 | 10-12 | 13-15 || total
-------------------------+-------+-------+-------+-------+-------++-------
Melee: Mace              |   145 |   125 |       |       |       ||   270
       Flail             |       |    65 |   390 |   796 |   278 ||  1529
       Whip              |       |       |       |       |   991 ||   991
Throw: Dart              |       |       |     2 |       |       ||     2
       Throwing net      |       |       |     1 |       |       ||     1
Invok: Minor Destruction |       |       |     1 |     5 |     1 ||     7
       Lesser Servant of |       |       |       |    11 |     7 ||    18
       Major Destruction |       |       |       |     2 |       ||     2
       Greater Servant o |       |       |       |       |     4 ||     4
 Abil: Fly               |       |       |       |       |     1 ||     1
Evoke: Wand              |       |       |       |     3 |       ||     3
  Use: Scroll            |       |     4 |     1 |     8 |    13 ||    26
       Potion            |       |       |     2 |     1 |     2 ||     5
 Stab: Sleeping          |     2 |     2 |       |       |       ||     4
       Distracted        |       |       |       |       |     2 ||     2
  Eat: Chunk             |     1 |     8 |    11 |    16 |    15 ||    51
       Ration            |       |       |     1 |     2 |     4 ||     7
Armor: Robe              |     6 |       |       |       |       ||     6
       Leather armour    |    50 |   101 |    52 |       |       ||   203
       Chain mail        |       |       |   171 |   518 |   640 ||  1329
Dodge: Dodged            |   115 |   156 |   184 |   404 |   476 ||  1335
Block: Buckler           |       |    20 |   100 |   206 |   222 ||   548

Table legend:
 A = Non-vault XP
 B = Vault XP
 C = Vault XP percentage of total XP
 D = Non-vault monster count
 E = Vault monster count
 F = Vault count percentage of total count
                 A         B        C        D         E       F
            +---------+---------+-------+---------+---------+-------
      Total |   44508 |   42130 |  48.6 |     378 |     139 |  26.9
            +---------+---------+-------+---------+---------+-------
        D:1 |      60 |       0 |   0.0 |      34 |       0 |   0.0
        D:2 |      43 |      79 |  64.8 |      15 |       6 |  28.6
        D:3 |      50 |       0 |   0.0 |      13 |       0 |   0.0
        D:4 |     281 |     196 |  41.1 |      13 |       1 |   7.1
        D:5 |     543 |       0 |   0.0 |      22 |       0 |   0.0
        D:6 |     566 |     218 |  27.8 |      12 |       2 |  14.3
        D:7 |    1279 |    1081 |  45.8 |      34 |       5 |  12.8
        D:8 |    1321 |     647 |  32.9 |      24 |       5 |  17.2
        D:9 |    2716 |     696 |  20.4 |      33 |       2 |   5.7
       D:10 |     982 |    5531 |  84.9 |      12 |      21 |  63.6
       D:11 |    1559 |     503 |  24.4 |      27 |       1 |   3.6
       D:12 |    2247 |    6595 |  74.6 |      24 |      16 |  40.0
       D:13 |    5807 |       0 |   0.0 |      14 |       0 |   0.0
     Lair:1 |    4253 |     814 |  16.1 |      22 |       1 |   4.3
     Lair:2 |    3237 |    1468 |  31.2 |      11 |      14 |  56.0
     Lair:3 |    4822 |    3484 |  41.9 |      12 |      12 |  50.0
     Lair:4 |    3571 |    2203 |  38.2 |      10 |       8 |  44.4
     Lair:5 |    5745 |    1394 |  19.5 |      20 |       8 |  28.6
     Lair:6 |    5426 |   12980 |  70.5 |      26 |      26 |  50.0
   Gauntlet |       0 |    4241 | 100.0 |       0 |      11 | 100.0
            +---------+---------+-------+---------+---------+-------
